 Dungeon Crawl Stone Soup version 0.31-a0-1278-g11c5b68f87 (webtiles) character file.

Game seed: 7555041896281219050

124464 benadryl the Warrior (level 16, -17/162 HPs)
             Began as a Minotaur Berserker on Dec 17, 2023.
             Was a High Priest of Trog.
             Killed by the air
             ... invoked by a spriggan air mage
              (22 damage)
             ... while paralysed by a fenstrider witch
             ... on level 3 of the Swamp.
             The game lasted 00:47:02 (26894 turns).

benadryl the Warrior (Minotaur Berserker)          Turns: 26894, Time: 00:47:02

Health: -17/162    AC: 20    Str: 35    XL:     16   Next: 39%
Magic:  15/15      EV:  2    Int:  4    God:    Trog [*****.]
Gold:   1730       SH:  0    Dex: 12    Spells: 15/15 levels left

rFire   . . .        L - +4 broad axe (flame)
rCold   . . .        P - +0 tower shield
rNeg    . . .        l - +0 plate armour
rPois   .            B - +0 hat
rElec   .            a - +1 cloak {rCorr}
rCorr   +            c - +1 pair of gloves
SInv    .            q - +0 pair of boots
Will    ++...        R - amulet "Jeag" {Reflect Str+7 SH+5} Stlth
                     t - +4 ring of slaying
HPRegen 0.47/turn    b - ring of willpower
MPRegen 0.14/turn

%: reflection
@: paralysed
A: horns 2, retaliatory headbutt
a: Renounce Religion, Berserk, Trog's Hand, Brothers in Arms


You were on level 3 of the Swamp.
You worshipped Trog.
Trog was extremely pleased with you.
You visited 4 branches of the dungeon, and saw 25 of its levels.
You also visited: Ice Cave.

You collected 2498 gold pieces.
You spent 768 gold pieces at shops.

Inventory:

Hand Weapons
 k - a +1 spectral broad axe
 L - a +4 broad axe of flaming (weapon)
 N - the +6 war axe "Podoe" {heavy, rPois rC+ rN+}
   (Trog gifted it to you on level 12 of the Dungeon)

   rC+:       It protects you from cold.
   rPois:     It protects you from poison rN+: It protects you from negative
   energy.
Missiles
 y - 2 throwing nets
 H - 5 javelins
 Q - 4 curare-tipped darts
 S - 5 boomerangs (quivered)
Armour
 a - a +1 cloak of preservation (worn)
 c - a +1 pair of gloves (worn)
 l - a +0 plate armour (worn)
 q - a +0 pair of boots (worn)
 B - a +0 hat (worn)
 P - a +0 tower shield (worn)
Jewellery
 b - a ring of willpower (right hand)
 g - an amulet of the acrobat
 t - a +4 ring of slaying (left hand)
 z - a ring of positive energy
 A - a +4 ring of protection
 E - a ring of see invisible
 O - a ring of protection from fire
 R - the amulet "Jeag" (around neck) {Reflect Str+7 SH+5}
   (You bought it in a shop on level 2 of the Orcish Mines)

   [amulet of reflection]

   Reflect:   It reflects blocked missile attacks.
   Str+7:     It affects your strength (+7).
   SH+5:      It affects your SH (+5).
 U - a ring of resist corrosion
Wands
 j - a wand of roots (42)
 p - a wand of paralysis (13)
 s - a wand of flame (23)
 F - a wand of polymorph (32)
 I - a wand of mindburst (13)
 V - a wand of acid (1)
 X - a wand of digging (12)
Scrolls
 d - a scroll of fear
 e - 6 scrolls of teleportation
 h - 2 scrolls of vulnerability
 n - 4 scrolls of blinking
 o - 2 scrolls of poison
 u - 3 scrolls of torment
 w - 4 scrolls of noise
 J - 3 scrolls of enchant armour
 W - a scroll of immolation
 Y - 2 scrolls of revelation
Potions
 f - 11 potions of curing {@q1}
 i - 7 potions of heal wounds
 m - 6 potions of cancellation
 r - 5 potions of mutation
 v - 4 potions of lignification
 x - 2 potions of invisibility {unknown}
 C - 3 potions of enlightenment
 D - 2 potions of might
 G - 3 potions of haste
 M - a potion of resistance
Miscellaneous
 T - a phantom mirror


   Skills:
 - Level 20.0 Fighting
 - Level 18.0 Axes
 * Level 5.7 Throwing
 - Level 10.0 Armour
 - Level 18.0 Dodging
 - Level 13.0 Shields
 - Level 3.0 Evocations


You had 15 spell levels left.
You didn't know any spells.
Your spell library was empty.

Dungeon Overview and Level Annotations

Branches:
Dungeon (15/15)            Temple (0/1) D:6            Lair (5/5) D:10
  Swamp (3/4) Lair:2       Spider (0/4) Lair:2        Slime (0/5) Lair:5
    Orc (2/2) D:12            Elf (0/3) Orc:2        Vaults (0/5) D:13
 Depths (0/4) D:15          IceCv (visited)

Altars:
Ashenzari
Elyvilon
Fedhas
Hepliaklqana
Makhleb
Okawaru
Qazlal
Ru
Sif Muna
Trog
Uskayaw
Vehumet
Yredelemnul
Zin
The Shining One
Jiyva
Lugonu

Shops:
D:3 (   D:12 (   Orc:1 [   Orc:2 ??=(

Portals:
Abyss: Lair:5
Pandemonium: Orc:2

Annotations:
D:13 2 transporters
D:15 2 runed translucent doors, Tewoziw's ghost, journeyman FoFi
Lair:1 3 runed translucent doors, Qunnilesm's ghost, journeyman DgDe


Innate Abilities, Weirdness & Mutations

You have a pair of horns on your head.
You reflexively headbutt those who attack you in melee.


Message History

A spriggan berserker comes into view. It is wielding a +0 rapier.
The eight-headed hydra roars!
You hear a shout!
You hear a deafening roar!
A swamp dragon comes into view.
A tyrant leech comes into view.
The spriggan berserker shouts!
The spriggan rider shouts!
The spriggan air mage shouts!
The will-o-the-wisp gives a chilling moan.
The fenstrider witch casts a spell at you.
You suddenly lose the ability to move!
The spriggan berserker invokes Trog's protection!
The spriggan air mage waves its arms in wide circles.
The air twists around and strikes you!!
The fenstrider witch hits you but does no damage.
The fenstrider witch kicks you!
The spriggan berserker utters an invocation to Trog.
The death yak goes berserk!
The fenstrider witch hits you with a +0 quarterstaff!
* * * LOW HITPOINT WARNING * * *
The fenstrider witch kicks you!
* * * LOW HITPOINT WARNING * * *
The spriggan berserker utters an invocation to Trog.
The death yak goes berserk!
A fire dragon comes into view.
The fire dragon roars deafeningly!
The fenstrider witch hits you with a +0 quarterstaff.
* * * LOW HITPOINT WARNING * * *
The fenstrider witch kicks you.
* * * LOW HITPOINT WARNING * * *
The spriggan berserker invokes Trog's protection!
The fire dragon bites you!
* * * LOW HITPOINT WARNING * * *
The fire dragon barely misses you.
The fire dragon tramples you but does no damage.
The fenstrider witch hits you with a +0 quarterstaff.
* * * LOW HITPOINT WARNING * * *
The fenstrider witch kicks you.
* * * LOW HITPOINT WARNING * * *
The spriggan air mage waves its arms in wide circles.
The air twists around and strikes you!!
You die...

~# ♣♣♣.....♣♣♣ ~# ♣..##'##..♣ §♣
♣.♣.#...#.♣.♣ i♣ ♣. ♣.#####.♣ .♣
♣ ~♣ ♣ ♣♣.....♣♣ ♣ ~♣
~♣♣♣##♣♣♣♣###♣~~.##♣#♣♣♣#♣♣♣##~♣
.~~○.~~..~.~~~~~~.~~~~§§~~~~~.~♣
.§○☼~~~~♣~.i.~~H~.~~~~♣~~>.~~~♣
i.○○~.~~~~~YiiD.@~~~§§~~..♣...♣
i♣○♣♣..~~..vi.~~D~~.~~.~~.<.♣.♣
♣x♣♣♣..♣§~~iw~>i...~§♣§~.~~.~~♣
..~i♣..~..D~~Y♣♣.>.~.~~§~~~~~.♣♣♣
~~vi).~~~.♣♣~♣♣♣♣.~.~.~.§♣~~~~...
♣.~~§..♣.♣♣♣.♣ ♣♣D§....~.~~.~~~.~
♣...~<♣♣♣♣ .~~ ♣D.~..♣~~~~~~§~~[~
♣♣~.†.♣ ~..~D....♣...~...~§~~<~
♣♣♣..♣ ♣♣.~§~♣♣♣♣~.§~.~..~♣♣


You could see 2 fire dragons, 2 death yaks, an eight-headed hydra, a swamp
dragon, a fenstrider witch, a tyrant leech, 2 spriggan riders, 3 spriggan
berserkers, a spriggan air mage (repels missiles) and a will-o-the-wisp.

Vanquished Creatures
  Gastronok (D:10)
  The ghost of elliptic the Acrobat, an adept DESh of Okawaru (Swamp:1)
  4 eleionomae (Swamp:2)
  2 bunyips
  Snorg (Lair:4)
  A shambling mangrove (Swamp:3)
  A rakshasa (D:13)
  Josephine (Orc:1)
  4 hydras
  A demonspawn (Orc:2)
  4 alligators
  4 vault guards (D:13)
  A catoblepas (Lair:2)
  7 centaur warriors
  2 tengu warriors (D:13)
  A death knight (D:14)
  2 two-headed ogres (D:13)
  4 boulder beetles
  A vampire mage (D:15)
  Urug (D:12)
  4 thrashing horrors (Lair:5)
  5 orc high priests (Orc:2)
  A sun demon (Orc:2)
  A fire crab (Lair:2)
  3 swamp dragons
  A spark wasp zombie (D:15)
  2 skysharks
  3 spriggan druids
  3 skeletal warriors (D:15)
  A goliath frog (Swamp:3)
  2 arcanists (D:13)
  2 bog bodies
  3 orc knights (Orc:2)
  4 deep elf zephyrmancers
  9 deep elf pyromancers
  3 necromancers
  6 cyclopes
  6 orc sorcerers
  23 ugly things
  3 manticores
  4 will-o-the-wisps
  3 kobold blastminers
  19 elephants
  2 smoke demons (Lair:5)
  2 black mambas
  Maggie (D:7)
  A gargoyle (D:11)
  10 komodo dragons
  3 unseen horrors
  8 cane toads
  2 rime drakes (Lair:5)
  4 freezing wraiths (D:14)
  An ice devil (Orc:2)
  Psyche (D:10)
  An efreet (D:13)
  A tengu conjurer (D:13)
  6 trolls
  2 polar bears
  A meliai (Lair:2)
  A hellwing (Orc:2)
  5 hornets
  5 tyrant leeches
  19 blink frogs
  Prince Ribbit (D:7)
  A glass eye (D:13)
  A raiju (Lair:5)
  7 dream sheep (Lair:3)
  A spriggan skeleton (D:15)
  2 shadows (D:13)
  5 slime creatures (D:12)
  A vampire (D:12)
  13 wraiths
  5 spriggans
  3 wyverns
  3 ynoxinuls (Lair:5)
  37 yaks
  16 humans (D:13)
  6 basilisks
  2 wargs (Orc:2)
  A death yak simulacrum (IceCv)
  2 steam dragons
  A human (shapeshifter) (Lair:5)
  10 vampire mosquitoes
  Menkaure (D:7)
  10 swamp worms
  17 water moccasins
  Duvessa (D:7)
  2 ice beasts
  24 orc warriors
  2 sky beasts
  A swamp drake (Swamp:1)
  An ogre (D:4)
  12 centaurs
  6 wolves
  A phantom (D:6)
  2 kobold brigands
  15 bullfrogs
  2 scorpions
  6 small abominations (Lair:5)
  10 wights
  Dowan (D:7)
  3 elephant simulacra (IceCv)
  9 killer bees
  3 electric eels (D:10)
  5 howler monkeys
  6 hounds
  21 orc priests
  2 gnoll boudas (D:8)
  3 jellies (D:5)
  A sleepcap (D:5)
  3 iguanas
  7 hell rats (Lair:3)
  12 orc wizards
  8 gnolls (D:8)
  2 adders
  A white imp (D:5)
  3 ufetubi
  A worm (D:4)
  2 dart slugs (D:4)
  69 orcs
  3 bats
  5 endoplasms
  5 giant cockroaches
  4 goblins
  5 hobgoblins
  4 jackals (D:1)
  12 kobolds
  2 quokkas
  7 ball pythons
  5 frilled lizards
  7 rats
  A spectral orc (D:3)
684 creatures vanquished.

Vanquished Creatures (collateral kills)
  A fire dragon (D:15)
  An alligator (Swamp:1)
  A boulder beetle (D:15)
  An orc knight (Orc:2)
  An orc sorcerer (Orc:2)
  A tyrant leech (Swamp:1)
  A hornet (Swamp:1)
  2 spriggans (Swamp:1)
  A swamp worm (Swamp:1)
10 creatures vanquished.

Vanquished Creatures (others)
  A deep elf pyromancer (Orc:1)
  3 orc priests
  An orc wizard (Orc:1)
  2 orcs
  18 foxfires
25 creatures vanquished.

Grand Total: 719 creatures vanquished

Notes
Turn   | Place    | Note
-------+----------+-------------------------------------------
     0 | D:1      | benadryl the Minotaur Berserker began the quest for the
                  | Orb.
     0 | D:1      | Reached XP level 1. HP: 19/19 MP: 0/0
   121 | D:1      | Reached skill level 4 in Fighting
   211 | D:1      | Reached XP level 2. HP: 20/27 MP: 1/1
   716 | D:2      | Reached XP level 3. HP: 26/34 MP: 2/2
   899 | D:2      | Found a faded altar of an unknown god.
   978 | D:2      | Reached ** piety under Trog
  1163 | D:3      | Reached skill level 5 in Fighting
  1284 | D:3      | Found a broken altar of Ashenzari.
  1616 | D:3      | Reached XP level 4. HP: 42/42 MP: 3/3
  1676 | D:3      | Found Pinaexou's Antique Weapon Shoppe.
  1684 | D:3      | Bought a broad axe for 96 gold pieces
  1875 | D:3      | Found a basalt altar of Yredelemnul.
  1949 | D:4      | Noticed an ogre
  1955 | D:4      | Killed an ogre
  1956 | D:4      | Reached XP level 5. HP: 48/48 MP: 4/4
  1979 | D:4      | Found a white marble altar of Elyvilon.
  2127 | D:4      | Reached XP level 6. HP: 51/56 MP: 5/5
  2218 | D:4      | Found a hide-covered altar of Uskayaw.
  2218 | D:4      | Noticed a +0 dagger
  2218 | D:4      | Noticed a +0 spear
  2218 | D:4      | Noticed a +0 dagger
  2219 | D:4      | Noticed a +0 short sword
  2224 | D:4      | Noticed a +0 falchion
  2252 | D:4      | Noticed a +0 spear
  2253 | D:4      | Noticed a +0 falchion
  2253 | D:4      | Noticed a +0 short sword
  2612 | D:5      | Entered Level 5 of the Dungeon
  2629 | D:5      | Found a glowing golden altar of the Shining One.
  2793 | D:5      | Found a hazy altar of Hepliaklqana.
  3468 | D:6      | Reached XP level 7. HP: 43/61 MP: 6/6
  3562 | D:6      | Found a blossoming altar of Fedhas.
  3785 | D:6      | Reached skill level 10 in Axes
  3909 | D:6      | You fall into a shaft and drop 1 floor!
  3996 | D:7      | Noticed Menkaure
  4001 | D:7      | Killed Menkaure
  4002 | D:7      | Reached XP level 8. HP: 55/68 MP: 7/7
  4053 | D:7      | Noticed Maggie
  4064 | D:7      | Killed Maggie
  4105 | D:6      | Found a staircase to the Ecumenical Temple.
  4118 | D:6      | Found a shimmering blue altar of Sif Muna.
  4119 | D:6      | Found a stormy altar of Qazlal.
  4155 | D:6      | Found a bloodstained altar of Trog.
  4632 | D:7      | Reached XP level 9. HP: 74/74 MP: 8/8
  4638 | D:7      | Reached *** piety under Trog
  4665 | D:7      | Noticed Duvessa
  4666 | D:7      | Noticed Dowan
  4668 | D:7      | Killed Duvessa
  4670 | D:7      | Killed Dowan
  4760 | D:7      | Reached skill level 6 in Fighting
  4824 | D:7      | Reached skill level 7 in Fighting
  4839 | D:7      | Noticed Prince Ribbit
  4844 | D:7      | Found a sacrificial altar of Ru.
  4848 | D:7      | Killed Prince Ribbit
  4852 | D:7      | Reached skill level 8 in Fighting
  5043 | D:7      | Found an iron altar of Okawaru.
  5439 | D:8      | Reached skill level 9 in Fighting
  5599 | D:8      | Reached skill level 10 in Fighting
  5824 | D:8      | Reached **** piety under Trog
  5868 | D:8      | Found a burning altar of Makhleb.
  6220 | D:8      | Reached skill level 11 in Fighting
  6220 | D:8      | Reached XP level 10. HP: 95/95 MP: 9/9
  6450 | D:9      | Reached skill level 12 in Fighting
  6785 | D:10     | Entered Level 10 of the Dungeon
  6811 | D:10     | Reached skill level 1 in Throwing
  6836 | D:10     | Found a radiant altar of Vehumet.
  6870 | D:10     | Noticed Psyche
  6986 | D:10     | Killed Psyche
  7036 | D:10     | Found a staircase to the Lair.
  7054 | D:10     | Reached skill level 5 in Throwing
  7054 | D:10     | Reached skill level 1 in Evocations
  7145 | D:10     | Noticed Gastronok
  7156 | D:10     | Killed Gastronok
  7285 | D:10     | Found a glowing silver altar of Zin.
  7285 | D:10     | Noticed an angel
  7319 | D:10     | Reached XP level 11. HP: 90/104 MP: 10/10
  7319 | D:10     | Reached ***** piety under Trog
  7321 | D:10     | Reached skill level 5 in Dodging
  7593 | Lair:1   | Entered Level 1 of the Lair of Beasts
  7600 | Lair:1   | Reached skill level 5 in Armour
  7647 | Lair:1   | Received a gift from Trog
  8072 | Lair:1   | Found a runed translucent gate.
  8077 | Lair:1   | Found a runed translucent gate.
  8272 | Lair:1   | Found a runed translucent gate.
  8273 | Lair:1   | Noticed Qunnilesm's ghost (journeyman DgDe)
  8854 | Lair:2   | Reached skill level 10 in Armour
  9072 | Lair:2   | Found a hole to the Spider Nest.
  9107 | Lair:2   | Noticed a catoblepas
  9117 | Lair:2   | Noticed a fire crab
  9122 | Lair:2   | Killed a catoblepas
  9125 | Lair:2   | Killed a fire crab
  9126 | Lair:2   | Reached XP level 12. HP: 110/112 MP: 11/11
  9469 | Lair:2   | Reached skill level 10 in Dodging
  9546 | Lair:2   | Noticed a four-headed hydra
  9592 | Lair:2   | Killed a two-headed hydra
  9593 | Lair:2   | Reached skill level 13 in Fighting
  9762 | Lair:2   | Found a staircase to the Swamp.
  9836 | Lair:2   | Reached skill level 14 in Fighting
 10564 | Lair:3   | Reached skill level 15 in Fighting
 11194 | Lair:3   | Reached skill level 15 in Axes
 11763 | Lair:4   | Noticed Snorg
 11781 | Lair:4   | Killed Snorg
 11782 | Lair:4   | Reached XP level 13. HP: 126/126 MP: 12/12
 11888 | Lair:4   | Received a gift from Trog
 11892 | Lair:4   | Identified a scroll of acquirement
 11892 | Lair:4   | Acquired a manual of Dodging
 11971 | Lair:4   | Reached skill level 1 in Shields
 12862 | Lair:5   | Entered Level 5 of the Lair of Beasts
 12876 | Lair:5   | Reached skill level 5 in Shields
 12882 | Lair:5   | Found a viscous altar of Jiyva.
 12883 | Lair:5   | Found a staircase to the Slime Pits.
 12904 | Lair:5   | Found a frozen archway.
 12966 | IceCv    | Entered an ice cave
 14041 | Lair:5   | Reached skill level 10 in Shields
 14917 | Lair:5   | Found a corrupted altar of Lugonu.
 14917 | Lair:5   | Found a one-way gate to the infinite horrors of the Abyss.
 15217 | D:11     | Reached XP level 14. HP: 121/135 MP: 13/13
 15616 | D:12     | Found Nauheijy's Weapon Shop.
 15618 | D:12     | Found a staircase to the Orcish Mines.
 16659 | Orc:1    | Entered Level 1 of the Orcish Mines
 16673 | Orc:1    | Noticed Urug
 16691 | D:12     | Identified the +6 war axe "Podoe" {heavy, rPois rC+ rN+}
                  | (Trog gifted it to you on level 12 of the Dungeon)
 16691 | D:12     | Received a gift from Trog
 17038 | D:12     | Killed Urug
 17984 | Orc:1    | Found Famalunk's Antique Armour Emporium.
 17992 | Orc:1    | Noticed Josephine
 18003 | Orc:1    | Killed Josephine
 18253 | Orc:2    | Entered Level 2 of the Orcish Mines
 18397 | Orc:2    | Found a staircase to the Elven Halls.
 18617 | Orc:2    | Found Udyneal's Magic Scroll Emporium.
 18619 | Orc:2    | Found Nume's Magic Scroll Shoppe.
 19486 | Orc:2    | Found Caoqyump's Jewellery Shop.
 19486 | Orc:2    | Found a one-way gate leading to the halls of Pandemonium.
 19486 | Orc:2    | Found Foer's Antique Weapon Boutique.
 19828 | Orc:2    | Bought the amulet "Jeag" {Reflect Str+7 SH+5} for 672 gold
                  | pieces
 20245 | D:13     | Found a transporter.
 20310 | D:13     | Reached skill level 15 in Dodging
 20487 | D:13     | Reached XP level 15. HP: 124/141 MP: 14/14
 20684 | D:13     | Found a transporter.
 21219 | D:13     | Received a gift from Trog
 21305 | D:13     | Found a gate to the Vaults.
 21845 | D:14     | Reached skill level 16 in Fighting
 22182 | D:15     | Entered Level 15 of the Dungeon
 22276 | D:15     | Found a staircase to the Depths.
 22453 | D:15     | Reached skill level 17 in Fighting
 23239 | D:15     | Found a large runed translucent door.
 23240 | D:15     | Found a large runed translucent door.
 23242 | D:15     | Noticed Tewoziw's ghost (journeyman FoFi)
 23860 | Swamp:1  | Entered Level 1 of the Swamp
 23987 | Swamp:1  | Reached skill level 18 in Fighting
 24062 | Swamp:1  | Reached XP level 16. HP: 51/159 MP: 15/15
 24450 | Swamp:1  | Found a runed translucent door.
 24457 | Swamp:1  | Noticed elliptic's ghost (adept DESh)
 24475 | Swamp:1  | Killed elliptic's ghost
 24939 | Swamp:2  | Reached skill level 19 in Fighting
 25454 | Swamp:2  | Found a broken altar of Ashenzari.
 26056 | Swamp:3  | Reached skill level 20 in Fighting
 26891 | Swamp:3  | Paralysed by a fenstrider witch for 5 turns
 26894 | Swamp:3  | HP: 5/162 [fenstrider witch/+0 quarterstaff (4)]
 26894 | Swamp:3  | Killed from afar by a spriggan air mage

Illustrated notes

Levels and vault maps discovered:
D:1:      giann_forest_graveyard, layout_basic
D:2:      layout_rooms, hellmonk_ecumenical_altar_heavens_door
D:3:      layout_basic, nicolae_overflow_crystal_walls,
          yredelemnul_forgotten_temple_becter, serial_shops,
          nicolae_shop_peninsula, minmay_misc_feat_hallway
D:4:      layout_rooms, mainiacjoe_overflow_cross_hatched,
          nicolae_uskayaw_en_pointe, kennysheep_generic_room_5
D:5:      layout_loops_ring, mainiacjoe_overflow_small_starburst,
          mainiacjoe_overflow_concentric_impassable
D:6:      minmay_opposing_rooms, layout_cave_pools,
          nzn_overflow_gifts_of_might_and_magic, mainiacjoe_overflow_alcove_1,
          fedhas_altar_3, temple_green
D:7:      layout_cave_pools, lemuel_round_altar, okawaru_trees_2,
          serial_co_window_serial, co_window_of_opportunity_a,
          co_window_paths_b, co_window_of_opportunity_a,
          co_window_of_opportunity_a, co_window_corner_a, co_window_corner_a,
          co_window_corner_a, co_window_cross_1, co_window_paths_a,
          co_window_corner_b, co_window_2corner, co_window_unsneaky_path_c,
          co_window_sun, co_window_4corner_b, glass_columns_a, glass_columns_a,
          glass_columns_a, glass_columns_a, glass_columns_c,
          uniq_prince_ribbit1, uniq_duvessa, uniq_maggie, uniq_menkaure
D:8:      layout_loops_corners, lemuel_round_altar
D:9:      layout_cross
D:10:     layout_small_grid, zin_angel, vehumet_altar_wand_db, erik_lair_island,
          special_room [special_room_orc], uniq_gastronok, uniq_psyche
D:11:     layout_gridville
D:12:     layout_stronghold, orc_david_3
D:13:     gammafunk_wand_slinger, layout_loops_ring, grunt_vaults_entry_tiered,
          onia_ninara_cookie
D:14:     layout_irregular_city, hangedman_decor_push
D:15:     gammafunk_depths_entry_grave, layout_irregular_city,
          hangedman_decor_lopped, ebering_ghost_disaster_area
Lair:1:   layout_cave_shapes, ebering_ghost_rock_garden
Lair:2:   layout_gridlike, palyth_hydra_swamp_entry,
          hellmonk_spider_entry_not_the_bees, grunt_megastairs_1,
          infiniplex_staircase_pool_2
Lair:3:   layout_regular_city
Lair:4:   layout_cave_pods, serial_rivers, chequers_serial_rivers_large_a,
          chequers_serial_rivers_small_a, chequers_serial_rivers_marsh,
          chequers_serial_rivers_small_a, chequers_serial_rivers_marsh,
          uniq_snorg
Lair:5:   hellmonk_lair_end_abyssal_woods, layout_layer_cave, slime_entry_1,
          portal_ice_cave_rime
Swamp:1:  layout_falls_marsh, ebering_ghost_reflecting_pool,
          nicolae_swamp_little_tower, swamp_pool_1_2,
          nicolae_swamp_some_circles, statue_in_the_mist_lemuel
Swamp:2:  layout_basic_swamp, nicolae_swamp_godswood
Swamp:3:  nzn_winding_woodlands_medium [nzn_winding_woodlands_5x5_perimeter,
          nzn_winding_woodlands_5x15_default,
          nzn_winding_woodlands_5x5_checkerboard,
          nzn_winding_woodlands_5x5_closed_star,
          nzn_winding_woodlands_center_pierced_h,
          nzn_winding_woodlands_hourglass, nzn_winding_woodlands_5x5_cross,
          nzn_winding_woodlands_5x15_cabin, nzn_winding_woodlands_5x5_three],
          layout_falls_marsh, evilmike_swamp_ruin_house_6, swamp_pool_3,
          hangedman_swamp_double_dragon
Orc:1:    layout_caves, serial_shops, nicolae_shop_advertising_works
          [nicolae_subvault_shop_adworks], elves_outpost_lemuel, uniq_josephine,
          uniq_urug
Orc:2:    pf_orc_diabolical, layout_diamond_mine

Skill      XL: |  1  2  3  4  5  6  7  8  9 10 11 12 13 14 15 16 |
---------------+-------------------------------------------------+-----
Fighting       | 4 5 11 12 15 18 20 | 20.0
Axes           | 4 6 7 9 11 13 14 15 18 | 18.0
Dodging        | 4 9 10 15 18 | 18.0
Throwing       | 5 |  5.7
Evocations     | 3 |  3.0
Armour         | 4 10 | 10.0
Shields        | 12 13 | 13.0

Action                     |  1- 3 |  4- 6 |  7- 9 | 10-12 | 13-15 | 16-18 || total
---------------------------+-------+-------+-------+-------+-------+-------++-------
  Melee: Hand axe          |    95 |     5 |       |       |       |       ||   100
         Headbutt          |    13 |    13 |    27 |    73 |   169 |    34 ||   329
         Broad axe         |       |    89 |   138 |   348 |   749 |   131 ||  1455
         Punch             |       |       |     3 |     1 |       |       ||     4
  Throw: Javelin           |       |       |     2 |     2 |     1 |       ||     5
         Throwing net      |       |       |       |     3 |       |       ||     3
         Boomerang         |       |       |       |       |    52 |     8 ||    60
 Invoke: Berserk           |       |     1 |     3 |     3 |     7 |     1 ||    15
         Trog's Hand       |       |       |     3 |     2 |     3 |       ||     8
         Brothers in Arms  |       |       |       |       |     4 |       ||     4
  Evoke: Wand              |       |       |       |     4 |     1 |       ||     5
    Use: Scroll            |     4 |     5 |     7 |     8 |     5 |     2 ||    31
   Stab: Held in net/web   |       |       |       |     1 |       |       ||     1
         Distracted        |       |       |       |     2 |       |       ||     2
         Confused          |       |       |       |       |     1 |       ||     1
 Armour: Animal skin       |    12 |       |       |       |       |       ||    12
         Chain mail        |    43 |    33 |       |       |       |       ||    76
         Plate armour      |       |    41 |    86 |   278 |   429 |    83 ||   917
         Skin              |       |       |       |     1 |       |       ||     1
  Dodge: Dodged            |    40 |    39 |    85 |   214 |   233 |    28 ||   639
  Block: Tower shield      |       |       |       |       |   696 |   111 ||   807
         Reflection        |       |       |       |       |    23 |       ||    23

Table legend: (Time is in decaauts)
 A = Elapsed time spent in this place.
 B = Non-inter-level travel time spent in this place.
 C = Inter-level travel time spent in this place.
 D = Time resting spent in this place.
 E = Time spent auto-exploring this place.
 F = Levels seen in this place.
 G = Mean time per level.
                   A        B        C        D        E       F      G
               +--------+--------+--------+--------+--------+-----+--------+
         Total |  27104 |  25416 |   1688 |   8288 |  11914 |  26 | 1042.5 |
       Dungeon |  13849 |  13166 |    683 |   2979 |   7933 |  15 |  923.3 |
          Lair |   7392 |   7115 |    277 |   2265 |   3496 |   5 | 1478.4 |
         Swamp |   3137 |   2799 |    338 |   1902 |    137 |   3 | 1045.7 |
  Orcish Mines |   2419 |   2030 |    389 |    853 |    348 |   2 | 1209.5 |
      Ice Cave |    306 |    306 |      0 |    287 |      0 |   1 |  306.0 |
               +--------+--------+--------+--------+--------+-----+--------+

Top non-repeatable levels by time:
    D:12: 2259 daAuts
 Swamp:2: 1959 daAuts
  Lair:5: 1939 daAuts
   Orc:2: 1924 daAuts
  Lair:2: 1604 daAuts
    D:15: 1500 daAuts
  Lair:4: 1489 daAuts
  Lair:1: 1279 daAuts
    D:13: 1127 daAuts
  Lair:3: 1079 daAuts
     D:7: 1023 daAuts
 Swamp:1: 953 daAuts
     D:8: 946 daAuts
     D:6: 939 daAuts
    D:10: 879 daAuts
